 Dungeon Crawl Stone Soup version 0.27-a0-909-g0721f309d1 (webtiles) character file.

Game seed: 12978866832423668595

18011 DarkShadow the Cleaver (level 12, -14/107 HPs)
             Began as a Minotaur Fighter on Apr 8, 2021.
             Was an Initiate of Gozag.
             Killed from afar by a fire dragon (26 damage)
             ... with a blast of flame
             ... on level 15 of the Dungeon.
             The game lasted 00:38:10 (14157 turns).

DarkShadow the Cleaver (Minotaur Fighter)          Turns: 14157, Time: 00:38:12

Health: -14/107    AC: 19    Str: 22    XL:     12   Next: 23%
Magic:  20/20      EV:  7    Int:  3    God:    Gozag
Gold:   1827       SH: 21    Dex: 14    Spells: 11/11 levels left

rFire    . . .     SeeInvis +   z - +2 war axe (venom)
rCold    + . .     Faith    .   c - +4 kite shield
rNeg     . . .     Spirit   .   n - +0 plate armour
rPois    .         Reflect  .   (helmet restricted)
rElec    .         Harm     .   (no cloak)
rCorr    .         Rampage  .   i - +1 pair of gloves of Happy Babbling {rC+ SInv}
Will     .....                  x - +0 pair of boots
Stlth    ..........             l - amulet of regeneration
HPRegen  1.27/turn              g - ring of magical power
MPRegen  0.17/turn              (no ring)

@: mighty
A: horns 2, retaliatory headbutt, large bone plates 1, dopey 1
a: Renounce Religion, Potion Petition, Call Merchant, Bribe Branch


You were on level 15 of the Dungeon.
You worshipped Gozag.
Gozag was most pleased with you.
You visited 2 branches of the dungeon, and saw 15 of its levels.

You collected 1941 gold pieces.
You paid 114 gold pieces to Gozag.

Inventory:

Hand Weapons
 a - a +1 war axe
 z - a +2 war axe of venom (weapon)
Missiles
 s - an atropa-tipped dart (quivered)
 A - 3 boomerangs of dispersal
Armour
 b - a +0 scale mail
 c - a +4 kite shield (worn)
 i - the +1 pair of gloves of Happy Babbling (worn) {rC+ SInv}
   (You acquired it on level 12 of the Dungeon)

   It protects you from cold.
   It lets you see invisible.
 n - a +0 plate armour (worn)
 x - a +0 pair of boots (worn)
 D - a +2 cloak of poison resistance
Jewellery
 g - a ring of magical power (left hand)
 l - an amulet of regeneration (around neck)
 m - a ring of fire
Wands
 d - a wand of random effects (39)
 j - a wand of digging (4)
 o - a wand of acid (7)
 p - a wand of flame (23)
 v - a wand of polymorph (6)
 y - a wand of paralysis (7)
 B - a wand of charming (9)
Scrolls
 t - a scroll of fog
 C - a scroll of silence
Potions
 e - a potion of cancellation
 f - 5 potions of flight
 h - 3 potions of lignification
 k - a potion of magic
 q - a potion of might
 r - 2 potions of brilliance
 u - 2 potions of attraction
 w - 8 potions of curing
 F - a potion of invisibility
 G - a potion of resistance


   Skills:
 + Level 10.3 Fighting
 + Level 14.5 Axes
 + Level 0.2 Throwing
 + Level 11.8 Armour
 + Level 2.8 Dodging
 + Level 1.6 Stealth
 + Level 11.5 Shields


You had 11 spell levels left.
You didn't know any spells.
Your spell library contained the following spells:

 Spells                   Type           Power      Damage    Failure   Level
 Animate Skeleton         Necr           0%         N/A       100%        1
 Apportation              Tloc           0%         N/A       100%        1
 Corona                   Hex            0%         N/A       100%        1
 Magic Dart               Conj           0%         1d3       100%        1
 Sting                    Tmut/Pois      0%         1d3       100%        1
 Summon Small Mammal      Summ           0%         N/A       100%        1
 Blink                    Tloc           N/A        N/A       100%        2
 Call Imp                 Summ           0%         N/A       100%        2
 Poisonous Vapours        Pois/Air       0%         N/A       100%        2
 Slow                     Hex            0%         N/A       100%        2
 Confusing Touch          Hex            0%         N/A       100%        3
 Conjure Flame            Conj/Fire      0%         6-21      100%        3
 Gell's Gravitas          Tloc           0%         N/A       100%        3
 Ignite Poison            Fire/Tmut/Pois 0%         N/A       100%        3
 Mephitic Cloud           Conj/Pois/Air  0%         N/A       100%        3
 Ice Form                 Ice/Tmut       0%         N/A       100%        4
 Olgreb's Toxic Radiance  Pois           0%         N/A       100%        4
 Petrify                  Tmut/Erth      0%         N/A       100%        4
 Metabolic Englaciation   Hex/Ice        0%         N/A       100%        5
 Yara's Violent Unravell  Hex/Tmut       0%         3d3       100%        5
 Freezing Cloud           Conj/Ice/Air   0%         6-21      100%        6
 Simulacrum               Ice/Necr       0%         N/A       100%        6
 Ozocubu's Refrigeration  Ice            0%         4d5       100%        7


Dungeon Overview and Level Annotations

Branches:
Dungeon (13/15)            Temple (1/1) D:4            Lair (0/6) D:8
    Orc (0/2) D:9
 Vaults: D:13-14

Altars:
Ashenzari
Cheibriados
Dithmenos
Elyvilon
Fedhas
Gozag
Hepliaklqana
Kikubaaqudgha
Makhleb
Nemelex Xobeh
Okawaru
Qazlal
Ru
Sif Muna
Trog
Uskayaw
Vehumet
Wu Jian
Xom
Yredelemnul
Zin
The Shining One
Lugonu

Shops:
D:4 (

Portals:
Trove: D:12 (give +6 fire dragon scales)


Innate Abilities, Weirdness & Mutations

You have a pair of horns on your head.
You reflexively headbutt those who attack you in melee.
You are partially covered in large bone plates. (SH +4)
You are dopey. (Int -2)


Message History

The blast of cold hits you! You resist.
* * * LOW HITPOINT WARNING * * *
You hit the ice dragon.
The ice dragon is lightly wounded.
You slash the fire dragon! You headbutt the fire dragon!
The fire dragon is moderately wounded.
You slash the ice dragon! You block the ice dragon's attack.
The ice dragon claws you but does no damage.
The ice dragon tramples you but does no damage.
You hit the fire dragon but do no damage.
Your headbutt misses the fire dragon.
The fire dragon is moderately wounded.
You hit the ice dragon.
The ice dragon is poisoned.
The fire dragon breathes flames at you. The blast of flame misses you.
The ice dragon bites you but does no damage.
The ice dragon claws you but does no damage.
You block the ice dragon's attack.
You slash the fire dragon!
The fire dragon is heavily wounded.
You hit the ice dragon. You block the fire dragon's attack.
The fire dragon claws you but does no damage.
You block the fire dragon's attack. You block the ice dragon's attack.
The ice dragon claws you but does no damage.
The ice dragon tramples you but does no damage.
You feel very mighty all of a sudden. The fire dragon bites you.
* * * LOW HITPOINT WARNING * * *
You block the fire dragon's attack. x2
The ice dragon breathes frost at you. The blast of cold hits you!! You resist.
* * * LOW HITPOINT WARNING * * *
You hit the fire dragon.
The fire dragon is heavily wounded.
You slash the ice dragon!
The ice dragon looks as sick as possible!
The fire dragon breathes flames at you. The blast of flame hits you!!
You die...
Your body crumbles into a pile of gold.

######## #§§§§§D#
#§####§# §§....D#
####### #§##...#
#...D@#
#.##.#.#####.###D#
#....#.D..D..# #.#
############## #.#
.. #.# ## #.# #.#
#.# #..


You could see a fire dragon (catching breath) and an ice dragon (extremely
poisoned, catching breath).

Vanquished Creatures
  A vault guard (D:12)
  A boulder beetle (D:10)
  A catoblepas (D:13)
  3 two-headed ogres
  The ghost of Napalmbreeze the Thaumaturge, a journeyman TeEn of Vehumet (D:11)
  A tengu warrior (D:13)
  2 ugly things (D:13)
  2 cyclopes
  The ghost of sbaton the Changer, a novice DgTm (D:4)
  2 gargoyles
  A tengu conjurer (D:13)
  3 kobold demonologists (D:10)
  5 slime creatures (D:13)
  Sigmund (D:3)
  6 wraiths
  2 vampires
  A basilisk (D:11)
  A yak (D:10)
  Menkaure (D:4)
  3 vampire mosquitoes (D:12)
  2 water moccasins
  Duvessa (D:7)
  3 sky beasts
  2 hornet zombies
  A black bear (shapeshifter) (D:11)
  An ice beast (D:6)
  6 orc warriors
  6 black bears
  3 necrophages
  6 centaurs
  2 phantoms
  A kobold brigand (D:10)
  4 bullfrogs
  5 scorpions
  Dowan (D:7)
  A water moccasin zombie (D:4)
  A water moccasin skeleton (D:5)
  3 killer bees (D:9)
  4 wights (D:7)
  4 howler monkeys
  A bullfrog zombie (D:5)
  3 centaur zombies
  11 orc priests
  3 centaur skeletons
  2 hounds (D:5)
  2 jellies
  3 bullfrog skeletons
  A gnoll shaman (D:10)
  Natasha (thrice) (D:3)
  Ijyb (D:3)
  8 iguanas
  16 orc wizards
  A scorpion zombie (D:5)
  3 howler monkey zombies
  7 gnolls
  A howler monkey skeleton (D:4)
  7 adders
  A shadow imp (D:5)
  A white imp (D:6)
  An ufetubus (D:5)
  2 adder skeletons
  4 worms
  2 dart slugs
  62 orcs
  5 ball pythons
  A bat (D:3)
  6 endoplasms
  2 giant cockroaches
  3 goblins
  4 hobgoblins
  A jackal (D:3)
  12 kobolds
  3 quokkas (D:1)
  3 frilled lizards
  3 rats
  2 butterflies (D:7)
287 creatures vanquished.

Vanquished Creatures (collateral kills)
  An orc (D:6)
1 creature vanquished.

Vanquished Creatures (others)
  6 demonic plants (D:10)
  44 fungi (D:8)
  52 plants
102 creatures vanquished.

Grand Total: 390 creatures vanquished

Notes
Turn   | Place    | Note
-------+----------+-------------------------------------------
     0 | D:1      | DarkShadow the Minotaur Fighter began the quest for the
                  | Orb.
     0 | D:1      | Reached XP level 1. HP: 19/19 MP: 0/0
   239 | D:1      | Reached XP level 2. HP: 25/27 MP: 1/1
  1051 | D:2      | Found a faded altar of an unknown god.
  1123 | D:2      | Reached XP level 3. HP: 33/33 MP: 2/2
  1453 | D:3      | Noticed Natasha
  1470 | D:3      | Killed Natasha
  1471 | D:3      | Reached skill level 3 in Axes
  1615 | D:3      | Reached XP level 4. HP: 38/40 MP: 3/3
  1732 | D:3      | Noticed Ijyb
  1742 | D:3      | Killed Ijyb
  1743 | D:3      | Reached skill level 4 in Axes
  1790 | D:3      | Noticed Sigmund
  1800 | D:3      | HP: 2/40 [Sigmund/+0 scythe (9)]
  1807 | D:3      | Killed Sigmund
  1808 | D:3      | Reached skill level 5 in Axes
  1808 | D:3      | Reached skill level 5 in Armour
  1808 | D:3      | Reached skill level 1 in Dodging
  1808 | D:3      | Reached XP level 5. HP: 3/47 MP: 4/4
  1808 | D:3      | Reached XP level 6. HP: 4/53 MP: 5/5
  2285 | D:3      | Noticed Natasha
  2289 | D:3      | Killed Natasha
  2392 | D:3      | Noticed Natasha
  2396 | D:3      | Killed Natasha
  2521 | D:4      | Found a transporter.
  2525 | D:4      | Found a transporter.
  2526 | D:4      | Noticed sbaton's ghost (novice DgTm)
  2694 | D:4      | Killed sbaton's ghost
  2695 | D:4      | Reached skill level 5 in Fighting
  2695 | D:4      | Reached skill level 6 in Axes
  2695 | D:4      | Reached skill level 5 in Shields
  2695 | D:4      | Reached XP level 7. HP: 32/61 MP: 6/6
  3300 | D:4      | Noticed Menkaure
  3321 | D:4      | Killed Menkaure
  3322 | D:4      | Reached skill level 7 in Axes
  3626 | D:4      | Found a staircase to the Ecumenical Temple.
  3632 | Temple   | Entered the Ecumenical Temple
  3798 | D:4      | Found Loceawn's Weapon Shoppe.
  3908 | D:4      | Reached XP level 8. HP: 68/68 MP: 7/7
  4276 | D:5      | Entered Level 5 of the Dungeon
  4581 | D:5      | Reached skill level 8 in Axes
  4991 | D:5      | Noticed a two-headed ogre
  4997 | D:5      | Killed a two-headed ogre
  4998 | D:5      | Reached skill level 9 in Axes
  4998 | D:5      | Reached XP level 9. HP: 22/78 MP: 8/8
  5672 | D:5      | Found a blossoming altar of Fedhas.
  5870 | D:5      | Found a shadowy altar of Dithmenos.
  6253 | D:6      | Reached skill level 10 in Axes
  6849 | D:6      | Reached skill level 11 in Axes
  7260 | D:7      | Noticed Duvessa
  7262 | D:7      | Noticed Dowan
  7274 | D:7      | Killed Duvessa
  7277 | D:7      | Killed Dowan
  7399 | D:7      | Reached XP level 10. HP: 86/86 MP: 9/9
  7430 | D:7      | Found a shimmering altar of Xom.
  7967 | D:7      | Found an opulent altar of Gozag.
  7978 | D:7      | Became a worshipper of Gozag Ym Sagoz the Greedy
  8429 | D:8      | Found an iron altar of Okawaru.
  8432 | D:8      | Found an ornate altar of the Wu Jian Council.
  8717 | D:8      | Found a staircase to the Lair.
  9216 | D:9      | Reached skill level 1 in Stealth
  9537 | D:9      | Found a staircase to the Orcish Mines.
  9743 | D:9      | Reached skill level 12 in Axes
 10347 | D:10     | Entered Level 10 of the Dungeon
 10531 | D:10     | Found a corrupted altar of Lugonu.
 10552 | D:10     | Reached skill level 10 in Armour
 10581 | D:10     | Noticed an orange demon
 10582 | D:10     | Noticed an orange demon
 10584 | D:10     | Noticed an orange demon
 10595 | D:10     | Noticed a sixfirhy
 10597 | D:10     | Noticed a sixfirhy
 10609 | D:11     | Found a frozen archway.
 11081 | D:10     | Noticed a gargoyle
 11092 | D:10     | Killed a gargoyle
 11093 | D:10     | Reached XP level 11. HP: 97/97 MP: 10/10
 11313 | D:10     | Noticed a boulder beetle
 11336 | D:10     | Killed a boulder beetle
 11462 | D:10     | Reached skill level 13 in Axes
 11599 | D:10     | Gained mutation: You are dopey. (Int -2) [potion of
                  | mutation]
 11599 | D:10     | Gained mutation: You are partially covered in large bone
                  | plates. (SH +4) [potion of mutation]
 11611 | D:11     | Found a runed translucent gate.
 11611 | D:11     | Found a runed translucent gate.
 11612 | D:11     | Found a runed translucent gate.
 11614 | D:11     | Found an opulent altar of Gozag.
 11615 | D:11     | Noticed Napalmbreeze's ghost (journeyman TeEn)
 11648 | D:11     | Noticed a two-headed ogre
 11677 | D:11     | Killed a two-headed ogre
 11678 | D:11     | Reached skill level 10 in Shields
 12371 | D:11     | Killed Napalmbreeze's ghost
 12950 | D:11     | Noticed a two-headed ogre
 12960 | D:11     | Killed a two-headed ogre
 13630 | D:12     | Identified a scroll of acquirement
 13630 | D:12     | Acquired the +1 pair of gloves of Happy Babbling {rC+ SInv}
 13659 | D:12     | Noticed a vault guard
 13670 | D:12     | Killed a vault guard
 13677 | D:12     | Found a portal to a secret trove of treasure.
 13906 | D:13     | Noticed a tengu warrior
 13913 | D:13     | Noticed a catoblepas
 13917 | D:13     | Killed a tengu warrior
 13918 | D:13     | Reached skill level 14 in Axes
 13936 | D:13     | Reached skill level 10 in Fighting
 13936 | D:13     | Killed a catoblepas
 13937 | D:13     | Reached XP level 12. HP: 64/106 MP: 11/11
 14081 | D:13     | You fall into a shaft and drop 2 floors!
 14081 | D:15     | Entered Level 15 of the Dungeon
 14102 | D:15     | Noticed a fire dragon
 14103 | D:15     | Noticed an ice dragon
 14157 | D:15     | Killed from afar by a fire dragon

Illustrated notes

Levels and vault maps discovered:
D:1:      dpeg_arrival_rooms_with_view, layout_basic, lexackson_kobold_supper
D:2:      kennysheep_big_flooded_room, layout_basic,
          shapermc_ecumenical_altar_mp_highgroup
D:3:      minmay_recursive_quarters, layout_rooms, uniq_ijyb, uniq_natasha,
          uniq_sigmund
D:4:      layout_gridville, minmay_temple_entry_nine_rooms, serial_shops,
          kennysheep_mini_moat, gammafunk_ghost_mausoleum, uniq_menkaure
D:5:      cheibrodos_barr_body, layout_loops_cross,
          nicolae_dithmenos_through_a_glass_darkly, marbit_many_paths
D:6:      layout_basic, minmay_fractal_squares_gapless_5
D:7:      layout_basic, grunt_gozag_breadcrumbs, xom_butterflies,
          patterned_corridor, uniq_duvessa
D:8:      layout_loops_cross, amethyst_overflow_temple_binary,
          due_lair_maze_entry_diamond
D:9:      layout_loops_corners, hiddenorc2_lemuel
D:10:     kennysheep_kobold_lugonu_temple, layout_stronghold,
          kennysheep_generic_room_16
D:11:     layout_layer_cave, ebering_ghost_gozag,
          portal_ice_cave_entry_pillars_2
D:12:     layout_cave_pools, enter_trove_5
D:13:     layout_loops_ring, ximxim_vaults_locker_room, uniq_jorgrun
D:15:     grunt_enter_depths_hoard, layout_basic, serial_shops,
          nicolae_shop_overgrown_old_shop, nicolae_qazlal_eye_of_the_storm
Temple:   nicolae_temple_x_marks_the_god

Skill      XL: |  1  2  3  4  5  6  7  8  9 10 11 |
---------------+----------------------------------+-----
Shields        | 4 5 7 8 9 11 | 11.5
Armour         | 4 5 6 8 10 11 | 11.8
Fighting       | 4 5 6 7 9 10 | 10.3
Axes           | 3 5 6 7 9 11 12 14 | 14.5
Dodging        | 1 2 |  2.8
Stealth        | 1 |  1.6
Throwing       | |  0.2

Action                   |  1- 3 |  4- 6 |  7- 9 | 10-12 || total
-------------------------+-------+-------+-------+-------++-------
Melee: War axe           |    78 |    59 |   306 |   587 ||  1030
       Headbutt          |    16 |     9 |    52 |   132 ||   209
Throw: Dart              |       |       |       |     4 ||     4
  Use: Scroll            |     3 |     3 |    10 |    16 ||    32
       Potion            |       |     1 |       |     8 ||     9
Armor: Scale mail        |    39 |    18 |    20 |       ||    77
       Plate armour      |       |       |   104 |   282 ||   386
Dodge: Dodged            |    32 |    25 |    60 |   114 ||   231
Block: Kite shield       |    42 |    34 |   187 |   425 ||   688

Table legend: (Time is in decaauts)
 A = Elapsed time spent in this place.
 B = Non-inter-level travel time spent in this place.
 C = Inter-level travel time spent in this place.
 D = Time resting spent in this place.
 E = Time spent auto-exploring this place.
 F = Levels seen in this place.
 G = Mean time per level.
                   A        B        C        D        E       F      G
               +--------+--------+--------+--------+--------+-----+--------+
         Total |  14322 |  14273 |     49 |   2450 |   7509 |  15 |  954.8 |
       Dungeon |  14208 |  14159 |     49 |   2450 |   7509 |  14 | 1014.9 |
        Temple |    113 |    113 |      0 |      0 |      0 |   1 |  113.0 |
               +--------+--------+--------+--------+--------+-----+--------+

Top non-repeatable levels by time:
     D:5: 1789 daAuts
    D:11: 1680 daAuts
     D:4: 1678 daAuts
     D:9: 1238 daAuts
    D:10: 1237 daAuts
     D:6: 1197 daAuts
     D:3: 1160 daAuts
     D:1: 1049 daAuts
     D:7: 965 daAuts
     D:8: 934 daAuts
    D:12: 575 daAuts
     D:2: 373 daAuts
    D:13: 255 daAuts
  Temple: 113 daAuts
    D:15: 73 daAuts
